Map: New Repugnancy LE

Players

Zanster - Winner!

  • Race: Zerg Zerg
  • Spawn Location: 7:00

HaPe

  • Race: Protoss Protoss
  • Spawn Location: 1:00

Event: 2019 WCS Spring

VOD

Have the link to the VOD?

Description

Time

  • Played on: May 17, 2019, 7:53 a.m.
  • Length: 8:32

All games in this series

Show
View Real Time Build Order
Export as new Build Order

Zanster Zerg - Winner!

Build Orders: Hatch First 

Get SALT Encoding   

  12  0:00  Drone  
  13  0:12  Overlord  
  13  0:17  Drone  
  14  0:31  Drone x2  
  16  0:49  Hatchery  
  15  0:51  Drone  
  15  0:55  Drone  
  17  0:59  Drone  
  18  1:10  Extractor  
  17  1:14  Spawning Pool  
  17  1:17  Drone  
  17  1:20  Drone  
  18  1:29  Drone  
  19  1:39  Drone  
  20  1:50  Drone  
  21  2:00  Queen x2  
  25  2:01  Overlord  
  25  2:03  Zergling x2  
  26  2:11  Metabolic Boost, Drone  
  26  2:14  Zergling x2  
  28  2:23  Drone x2  
  30  2:34  Drone x2  
  32  2:42  Hatchery  
  31  2:49  Queen  
  31  2:50  Drone  
  34  2:54  Overlord  
  34  2:57  Drone  
  35  2:59  Drone  
  36  3:12  Drone  
  36  3:13  Drone x2  
  36  3:16  Drone x5  
  36  3:19  Overlord  
  41  3:21  Drone  
  42  3:28  Drone  
  43  3:38  Queen  
  43  3:39  Spore Crawler  
  44  3:41  Drone x2  
  44  3:42  Drone  
  47  3:52  Drone x4  
  51  3:57  Overlord  
  51  3:59  Drone  
  51  4:01  Spore Crawler, Drone x3  
  54  4:04  Overlord  
  54  4:06  Drone  
  54  4:07  Drone  
  56  4:16  Drone  
  57  4:21  Overlord  
  57  4:22  Queen  
  59  4:26  Drone x4  
  59  4:27  Drone  
  59  4:29  Drone  
  59  4:30  Roach Warren, Drone  
  65  4:35  Lair  
  65  4:40  Drone x3  
  65  4:42  Drone  
  65  4:44  Drone  
  65  4:45  Drone  
  71  4:47  Extractor  
  71  4:48  Overlord, Extractor  
  71  4:50  Extractor, Drone  
  71  4:51  Extractor, Drone  
  71  4:52  Drone  
  70  4:53  Drone  
  70  4:56  Drone  
  70  4:59  Drone  
  73  5:00  Overlord x2  
  71  5:10  Roach  
  71  5:11  Roach x4  
  71  5:13  Overlord  
  81  5:16  Overlord  
  81  5:21  Roach  
  81  5:22  Roach x3  
  81  5:24  Overlord  
  89  5:36  Glial Reconstitution  
  89  5:39  Roach x3  
  89  5:40  Roach x3  
  101  5:43  Overlord  
  101  5:45  Roach x2  
  101  5:48  Roach x2  
  109  5:54  Overseer  
  109  5:56  Roach  
  109  5:57  Roach x2  
  113  6:02  Hatchery, Overlord  
  113  6:03  Extractor  
  113  6:08  Roach x3  
  119  6:15  Roach  
  119  6:16  Roach x3  
  127  6:26  Zergling x12  
  127  6:28  Spire  
  127  6:30  Overlord  
  127  6:32  Zergling x2  
  133  6:37  Zergling x2  
  134  6:49  Drone  
  134  6:50  Drone x8  
  134  6:54  Drone x2  
  144  6:55  Overlord x2  
  144  7:01  Extractor x2  
  137  7:09  Roach x4  
  137  7:14  Overlord  
  141  7:19  Roach x3  
  141  7:20  Roach x3  
  138  7:43  Mutalisk  
  138  7:44  Mutalisk x8  
  135  7:48  Mutalisk  
  155  7:52  Zergling x12  
  155  7:53  Zergling x6  
  158  8:01  Mutalisk x3  
Show
View Real Time Build Order
Export as new Build Order

HaPe Protoss 

Build Orders: 1 Gate Expand, Oracle Opening, Zealot Archon, Archon Drop 

Get SALT Encoding   

  12  0:00  Probe  
  13  0:12  Probe  
  14  0:22  Pylon  
  14  0:25  Probe  
  15  0:37  Probe  
  15  0:41  Gateway  
  16  0:45  Assimilator  
  16  0:47  Probe  
  17  0:57  Probe  
  18  1:09  Probe  
  19  1:12  Pylon  
  19  1:21  Probe  
  20  1:30  Nexus  
  20  1:37  Cybernetics Core  
  20  1:42  Assimilator  
  20  1:44  Probe  
  21  1:55  Probe  
  21  1:57  Pylon  
  22  2:04  Probe  
  22  2:06  Adept  
  23  2:12  Probe  
  26  2:23  Stargate  
  26  2:27  Probe  
  27  2:34  Warp Gate  
  27  2:36  Adept  
  29  2:41  Probe  
  30  2:49  Probe  
  31  2:53  Probe  
  31  2:58  Probe  
  33  3:05  Probe  
  33  3:06  Probe  
  33  3:10  Oracle  
  35  3:15  Probe  
  35  3:18  Probe  
  35  3:22  Stalker  
  40  3:27  Probe  
  40  3:30  Probe, Gateway  
  42  3:39  Probe  
  42  3:40  Robotics Facility  
  43  3:43  Pylon  
  43  3:48  Probe  
  44  3:50  Assimilator  
  44  3:51  Assimilator, Probe  
  45  4:00  Probe  
  45  4:01  Oracle  
  49  4:03  Probe  
  50  4:20  Twilight Council  
  50  4:22  Probe x2  
  52  4:28  Warp Prism  
  54  4:32  Gateway  
  54  4:34  Gateway  
  54  4:37  Pylon  
  54  4:53  Pylon  
  54  4:55  Probe x2  
  56  5:00  Templar Archives  
  56  5:08  Probe x2  
  58  5:14  Nexus  
  58  5:15  Shield Battery  
  58  5:20  Observer  
  60  5:21  Probe  
  60  5:22  Pylon  
  61  5:36  Pylon  
  61  5:38  High Templar x3  
  61  5:39  Immortal  
  61  5:41  High Templar  
  61  5:42  Archon  
  68  5:50  Probe, Archon  
  68  5:51  Probe  
  68  5:54  Charge  
  74  5:59  Probe x2  
  76  6:07  Probe  
  77  6:19  Stalker x2, Zealot x2  
  85  6:26  Immortal, Pylon x2  
  85  6:32  Shield Battery  
  89  6:33  Pylon  
  89  6:35  Probe  
  89  6:37  Pylon  
  90  6:44  Zealot, Sentry  
  90  6:45  Zealot x2  
  90  6:46  Gateway  
  98  6:49  Pylon  
  98  7:01  Probe x3  
  99  7:11  Zealot x2  
  99  7:12  Zealot  
  100  7:18  Probe  
  100  7:19  Probe  
  100  7:26  Zealot  
  100  7:27  Immortal  
  97  7:36  Probe x3  
  89  7:43  Zealot x3  
  90  7:55  Probe x3  
  87  8:03  Zealot  
  81  8:07  Probe  
  80  8:13  Zealot  
Tags
 
Add a new tag
Caveats
  • Supply blocks, unpowered buildings, or Contaminate may cause inaccurate times.
  • Supply counts are checked every 10 seconds.